Map: Lightshade LE

Players

A.I. 1 (Elite)

  • Race: Terran Terran
  • Spawn Location: 5:00

XxBlxdezxX - Winner!

  • Race: Protoss Protoss
  • League: Bronze
  • Spawn Location: 11:00

VOD

Have the link to the VOD?

Description

Time

  • Played on: Oct. 16, 2020, 12:20 a.m.
  • Length: 6:15
Show
View Real Time Build Order
Export as new Build Order

A.I. 1 (Elite) Terran 

Build Orders:  

Get SALT Encoding   

  12  0:00  SCV  
  13  0:13  SCV  
  14  0:18  Supply Depot  
  14  0:25  SCV  
  15  0:39  SCV  
  16  0:43  Barracks  
  16  0:45  Refinery  
  16  0:51  SCV  
  17  1:02  Barracks  
  17  1:04  SCV  
  18  1:16  SCV  
  19  1:30  Orbital Command, Marine  
  20  1:41  Barracks  
  20  1:48  Marine  
  20  1:49  Marine  
  22  1:58  Supply Depot  
  22  2:01  SCV  
  23  2:06  Barracks Tech Lab  
  23  2:08  Barracks Tech Lab  
  23  2:19  SCV  
  24  2:24  Marine  
  24  2:26  Stimpack, Marine  
  24  2:28  Marine  
  24  2:29  Concussive Shells  
  27  2:37  Supply Depot  
  27  2:42  Marine  
  28  2:44  Marine, SCV  
  28  2:46  Marine  
  31  3:00  Marauder  
  31  3:02  Marauder  
  31  3:03  Marine  
  36  3:06  Supply Depot  
  36  3:19  Combat Shield  
  37  3:20  SCV  
  37  3:21  Marine x2  
  39  3:28  Marine  
  39  3:31  Supply Depot  
  40  3:39  Marine  
  41  3:45  Refinery  
  41  3:46  Marauder  
  43  3:56  SCV  
  44  4:08  SCV, Factory  
  45  4:15  Marauder  
  44  4:20  SCV, Marauder  
  42  4:32  SCV  
  37  4:40  Marauder  
  37  4:44  SCV  
  30  4:56  SCV  
  25  5:08  SCV  
  21  5:36  Supply Depot  
Show
View Real Time Build Order
Export as new Build Order

XxBlxdezxX Protoss - Winner!

Build Orders:  

Get SALT Encoding   

  12  0:00  Probe  
  13  0:12  Probe  
  14  0:17  Pylon  
  14  0:24  Probe  
  15  0:36  Gateway  
  15  0:38  Probe  
  16  0:46  Assimilator  
  16  0:50  Probe  
  17  1:02  Probe  
  18  1:14  Probe  
  18  1:16  Pylon  
  19  1:21  Zealot (Chrono Boost)  
  21  1:29  Cybernetics Core  
  21  1:31  Probe  
  22  1:41  Gateway  
  22  1:49  Pylon  
  22  1:51  Pylon  
  22  2:00  Warp Gate (Chrono Boost)  
  22  2:05  Adept  
  24  2:16  Gateway  
  24  2:19  Gateway  
  24  2:26  Pylon  
  24  2:33  Pylon  
  24  2:40  Adept  
  26  3:30  Zealot x3  
  26  3:31  Zealot  
  34  3:51  Stalker x4  
  40  4:17  Adept  
  40  4:18  Adept x3  
  40  4:43  Zealot x3  
Tags
 
League
Bronze
Matchup
PvT
Spawn Locations
Cross Positions
Add a new tag
Caveats
  • Supply blocks, unpowered buildings, or Contaminate may cause inaccurate times.
  • Supply counts are checked every 10 seconds.